Harfangs vs Saguenéens
(R1)
Created - 20 février 2017 at 19:14
Goals
|
Harfangs |
1 |
1 |
3 |
5 |
Saguenéens |
1 |
2 |
0 |
3 |
|
Shots
|
Harfangs |
4 |
9 |
22 |
35 |
Saguenéens |
6 |
14 |
7 |
27 |
|
1st period
1. Saguenéens , Jerry D'Amigo 1 (Rickard Rakell, Roman Josi) at 6:54
2. Harfangs , Alex Killorn 27 (Brandon Pirri, Cam Atkinson) at 11:20
Penalties :
Mason Raymond (Chi) for Cross-checking (Minor) at 12:28, Mason Raymond (Chi) for Holding (Minor) at 16:10
2nd period
3. Saguenéens , Juraj Mikus 20 (Rhett Rakhshani, Artemi Panarin) at 10:23 (PP)
4. Harfangs , Roman Cervenka 1 (Dylan Olsen, Calle Jarnkrok) at 13:27
5. Saguenéens , Roman Josi 3 (Tim Kennedy, Jerry D'Amigo) at 17:38
Penalties :
Alex Killorn (BEA) for Slashing (Minor) at 8:25, Brett Lebda (Chi) for Holding (Minor) at 14:47, Brandon Pirri (BEA) for Hooking (Minor) at 19:36
3rd period
6. Harfangs , Brian Lashoff 10 (Alex Killorn, Petri Kontiola) at 4:46 (PP)
7. Harfangs , Alex Killorn 28 (Petri Kontiola) at 6:18 (PP)
8. Harfangs , Petri Kontiola 14 (Alex Killorn, Brandon Pirri) at 7:24
Penalties :
Spencer Machacek (Chi) for Holding (Minor) at 4:07, Mason Raymond (Chi) for Tripping (Minor) at 5:53, Spencer Machacek (Chi) for Tripping (Minor) at 7:48, Dalton Prout (Chi) for Hooking (Minor) at 12:56
Goalie Stats
Jeremy Duchesne (BEA), 24 saves from 27 shots - (0,889), W, 20-9-0, 60:00 minutes
Mike Smith (Chi), 18 saves from 23 shots - (0,783), L, 26-15-3, 47:24 minutes
Martin Jones (Chi), 12 saves from 12 shots - (1,000), 12:36 minutes
Players Stats for Harfangs
Player Name G A P +/- PIM S H SB GA TA FO MP PP MP PK MP
------------------------------------------------------------------------------------
Alex Killorn 2 2 4 1 2 6 2 0 2 1 0/0 20:21 6:18 0:00
Angelo Esposito 0 0 0 -1 0 0 1 0 1 0 2/2 8:29 0:00 0:00
Brandon Pirri 0 2 2 1 2 0 1 0 0 0 1/2 20:20 6:18 0:00
Brian Lashoff 1 0 1 0 0 1 1 0 1 0 0/0 20:47 4:11 2:02
Calle Jarnkrok 0 1 1 0 0 1 3 1 0 0 9/13 17:37 4:24 1:14
Cam Atkinson 0 1 1 0 0 3 2 0 2 0 0/0 17:08 4:27 0:42
Cam Fowler 0 0 0 -1 0 5 1 5 1 0 0/0 27:13 6:48 1:55
Dennis Everberg 0 0 0 1 0 4 3 0 0 1 0/1 9:12 0:00 0:00
Dustin Jeffrey 0 0 0 1 0 0 4 0 0 0 0/0 11:18 0:00 2:01
Dylan Olsen 0 1 1 2 0 0 1 1 0 0 0/0 12:00 0:00 0:00
Joel Armia 0 0 0 -1 0 0 1 0 0 0 0/1 10:06 0:14 0:00
Mike Hoffman 0 0 0 -1 0 1 4 1 0 0 0/0 10:06 0:14 0:00
Nathan Beaulieu 0 0 0 -1 0 4 1 1 0 1 0/0 27:13 6:48 1:55
Petri Kontiola 1 2 3 1 0 6 0 0 0 0 14/32 22:25 6:18 2:01
Reid McNeill 0 0 0 2 0 0 0 0 0 0 0/0 12:00 0:00 0:00
Roman Cervenka 1 0 1 1 0 1 1 0 0 0 5/5 11:19 0:17 0:42
Tomas Tatar 0 0 0 0 0 3 0 0 1 0 0/0 17:40 4:27 1:14
Victor Bartley 0 0 0 0 0 0 0 0 0 0 0/0 20:47 4:11 2:02
Players Stats for Saguenéens
Player Name G A P +/- PIM S H SB GA TA FO MP PP MP PK MP
------------------------------------------------------------------------------------
Artemi Panarin 0 1 1 -1 0 6 3 0 0 0 1/1 19:43 2:27 4:09
Brett Lebda 0 0 0 0 2 1 0 0 0 2 0/0 28:53 1:24 5:45
Brian Sutherby 0 0 0 0 0 1 3 2 0 0 16/36 23:58 1:30 6:15
Carl Hagelin 0 0 0 0 0 0 0 0 0 0 0/0 3:30 0:00 0:00
Craig Cunningham 0 0 0 -1 0 0 0 0 0 0 0/1 5:29 0:00 1:00
Dalton Prout 0 0 0 0 2 0 6 1 0 0 0/0 23:56 2:33 3:00
Jerry D'Amigo 1 1 2 1 0 5 0 0 0 0 0/1 13:25 0:00 0:00
Juraj Mikus 1 0 1 -1 0 1 0 0 0 0 3/6 16:21 2:27 0:12
Justin Florek 0 0 0 -1 0 0 0 0 0 0 0/0 2:07 0:00 0:00
Kevin Marshall 0 0 0 -2 0 0 4 6 1 2 0/0 27:06 1:24 7:37
Luke Witkowski 0 0 0 0 0 1 0 0 0 2 0/0 23:54 2:33 4:54
Mason Raymond 0 0 0 0 6 1 2 2 0 1 2/4 22:52 1:30 3:59
Rhett Rakhshani 0 1 1 -1 0 1 2 0 0 0 1/1 15:20 2:27 0:00
Rickard Rakell 0 1 1 1 0 2 1 0 1 0 1/4 15:06 0:00 1:36
Roman Josi 1 1 2 0 0 2 0 0 0 0 0/0 12:41 0:00 0:21
Spencer Machacek 0 0 0 -1 4 5 5 1 1 0 1/1 17:11 1:30 1:34
Teemu Pulkkinen 0 0 0 0 0 0 0 0 0 0 0/1 5:05 0:00 3:34
Tim Kennedy 0 1 1 1 0 1 0 1 0 1 0/0 12:17 0:00 0:00
3 Stars
1 - Alex Killorn (BEA)
2 - Petri Kontiola (BEA)
3 - Jerry D'Amigo (Chi)
Power Play
Harfangs - 2 on 7 Attempt(s) - 28,57%
Saguenéens - 1 on 2 Attempt(s) - 50,00%
Penalty Kill
Harfangs - 1 on 2 Attempt(s) - 50,00%
- Score 0 goal in Penalty Kill
Saguenéens - 5 on 7 Attempt(s) - 71,43%
- Score 0 goal in Penalty Kill
Team Stat
Harfangs - Hits : 26 - Faceoff Wins : 31 - Blocked Shots : 9 - Penalty Minutes : 4
Saguenéens - Hits : 26 - Faceoff Wins : 25 - Blocked Shots : 13 - Penalty Minutes : 14
Official
Referees : Joannette Marc and Jackson Dave
Linesman : Jean Morin and Steve Barton
Game Notes
Martin Jones enters game at 7:24 of 3rd period
Finance
Level 1 -- Attendance: 1447 (72,35%) -- Ticket Income 57 880 $
Level 2 -- Attendance: 807 (80,70%) -- Ticket Income 16 140 $
Total Attendance: 2254 (75,13%)
Total Ticket Income: 74 020 $
Other Income: 3 701 $
Total Income: 77 721 $
Harfangs
5 vs 5 Forward
Center Left Wing Right Wing Time % Phy DF OF
1 Petri Kontiola Alex Killorn Brandon Pirri 35 1 2 2
2 Calle Jarnkrok Tomas Tatar Cam Atkinson 30 1 2 2
3 Roman Cervenka Dustin Jeffrey Dennis Everberg 25 1 2 2
4 Angelo Esposito Mike Hoffman Joel Armia 10 1 2 2
5 vs 5 Defense
Defense Defense Time % Phy DF OF
1 Cam Fowler Nathan Beaulieu 40 1 2 2
2 Brian Lashoff Victor Bartley 30 1 2 2
3 Reid McNeill Dylan Olsen 20 1 2 2
4 Nathan Beaulieu Cam Fowler 10 1 2 2
PowerPlay Forward
Center Left Wing Right Wing Time % Phy DF OF
1 Petri Kontiola Alex Killorn Brandon Pirri 60 1 2 2
2 Calle Jarnkrok Tomas Tatar Cam Atkinson 40 1 2 2
PowerPlay Defense
Defense Defense Time % Phy DF OF
1 Cam Fowler Nathan Beaulieu 60 1 2 2
2 Brian Lashoff Victor Bartley 40 1 2 2
Penalty Kill 4 Players Forward
Center Wing Time % Phy DF OF
1 Petri Kontiola Dustin Jeffrey 60 1 2 2
2 Roman Cervenka Cam Atkinson 40 1 2 2
Penalty Kill 4 Players Defense
Defense Defense Time % Phy DF OF
1 Cam Fowler Nathan Beaulieu 60 1 2 2
2 Brian Lashoff Victor Bartley 40 1 2 2
Penalty Kill - 3 Players Forward
Forward Time % Phy DF OF
1 Roman Cervenka 60 1 2 2
2 Petri Kontiola 40 1 2 2
Penalty Kill - 3 Players Defense
Defense Defense Time % Phy DF OF
1 Cam Fowler Nathan Beaulieu 60 1 2 2
2 Brian Lashoff Victor Bartley 40 1 2 2
4 vs 4 Forward
Center Wing Time % Phy DF OF
1 Petri Kontiola Alex Killorn 60 1 2 2
2 Calle Jarnkrok Cam Atkinson 40 1 2 2
4 vs 4 Defense
Defense Defense Time % Phy DF OF
1 Cam Fowler Nathan Beaulieu 60 1 2 2
2 Brian Lashoff Victor Bartley 40 1 2 2
Last Minutes Offensive
Center Left Wing Right Wing Defense Defense
Petri Kontiola Tomas Tatar Brandon Pirri Cam Fowler Nathan Beaulieu
Last Minutes Defensive
Center Left Wing Right Wing Defense Defense
Petri Kontiola Dustin Jeffrey Cam Atkinson Brian Lashoff Victor Bartley
Goaltenders
Starting : Jeremy Duchesne
Backup : Darcy Kuemper
Extra Forwards
Normal : Cam Atkinson, Tomas Tatar, Alex Killorn - PP : Cam Atkinson, Tomas Tatar - PK : Dustin Jeffrey
Extra Defensemen
Normal : Cam Fowler, Nathan Beaulieu, Brian Lashoff - PP : Cam Fowler - PK : Brian Lashoff, Cam Fowler
Penalty Shots
Dustin Jeffrey, Petri Kontiola, Mike Hoffman, Brandon Pirri, Calle Jarnkrok
Saguenéens
5 vs 5 Forward
Center Left Wing Right Wing Time % Phy DF OF
1 Brian Sutherby Mason Raymond Spencer Machacek 40 1 2 2
2 Juraj Mikus Artemi Panarin Rhett Rakhshani 30 1 2 2
3 Rickard Rakell Tim Kennedy Jerry D'Amigo 20 1 2 2
4 Brian Sutherby Carl Hagelin Mason Raymond 10 1 2 2
5 vs 5 Defense
Defense Defense Time % Phy DF OF
1 Brett Lebda Kevin Marshall 40 1 2 2
2 Dalton Prout Luke Witkowski 30 1 2 2
3 Roman Josi Brett Lebda 20 1 2 2
4 Kevin Marshall Dalton Prout 10 1 2 2
PowerPlay Forward
Center Left Wing Right Wing Time % Phy DF OF
1 Brian Sutherby Mason Raymond Spencer Machacek 60 1 2 2
2 Juraj Mikus Artemi Panarin Rhett Rakhshani 40 1 2 2
PowerPlay Defense
Defense Defense Time % Phy DF OF
1 Brett Lebda Kevin Marshall 60 1 2 2
2 Dalton Prout Luke Witkowski 40 1 2 2
Penalty Kill 4 Players Forward
Center Wing Time % Phy DF OF
1 Brian Sutherby Mason Raymond 60 1 2 2
2 Artemi Panarin Spencer Machacek 40 1 2 2
Penalty Kill 4 Players Defense
Defense Defense Time % Phy DF OF
1 Brett Lebda Kevin Marshall 60 1 2 2
2 Dalton Prout Luke Witkowski 40 1 2 2
Penalty Kill - 3 Players Forward
Forward Time % Phy DF OF
1 Brian Sutherby 60 1 2 2
2 Mason Raymond 40 1 2 2
Penalty Kill - 3 Players Defense
Defense Defense Time % Phy DF OF
1 Brett Lebda Kevin Marshall 60 1 2 2
2 Dalton Prout Luke Witkowski 40 1 2 2
4 vs 4 Forward
Center Wing Time % Phy DF OF
1 Brian Sutherby Mason Raymond 60 1 2 2
2 Artemi Panarin Spencer Machacek 40 1 2 2
4 vs 4 Defense
Defense Defense Time % Phy DF OF
1 Brett Lebda Kevin Marshall 60 1 2 2
2 Dalton Prout Luke Witkowski 40 1 2 2
Last Minutes Offensive
Center Left Wing Right Wing Defense Defense
Brian Sutherby Mason Raymond Spencer Machacek Brett Lebda Kevin Marshall
Last Minutes Defensive
Center Left Wing Right Wing Defense Defense
Brian Sutherby Mason Raymond Spencer Machacek Brett Lebda Kevin Marshall
Goaltenders
Starting : Mike Smith
Backup : Martin Jones
Extra Forwards
Normal : Craig Cunningham, Justin Florek, Teemu Pulkkinen - PP : Craig Cunningham, Justin Florek - PK : Teemu Pulkkinen
Extra Defensemen
Normal : Roman Josi, Luke Witkowski, Brett Lebda - PP : Roman Josi - PK : Luke Witkowski, Brett Lebda
Penalty Shots
Brian Sutherby, Mason Raymond, Artemi Panarin, Spencer Machacek, Rhett Rakhshani
% Time on Ice - Harfangs
Lines # - Real PCT - Wanted PCT - Time Play
Normal Forward
1 - 31% - 35% - 14:08
2 - 31% - 30% - 14:01
3 - 20% - 25% - 8:55
4 - 18% - 10% - 8:00
Normal Defense
1 - 39% - 40% - 17:24
2 - 32% - 30% - 14:34
3 - 27% - 20% - 12:00
4 - 2% - 10% - 1:06
PP Forward
1 - 59% - 60% - 6:32
2 - 41% - 40% - 4:27
PP Defense
1 - 62% - 60% - 6:48
2 - 38% - 40% - 4:11
PK Forward
1 - 82% - 60% - 3:15
2 - 18% - 40% - 0:42
PK Defense
1 - 49% - 60% - 1:55
2 - 51% - 40% - 2:02
PK3 Forward
1 - 0% - 60%
2 - 0% - 40%
PK3 Defense
1 - 0% - 60%
2 - 0% - 40%
44 Forward
1 - 0% - 60%
2 - 0% - 40%
44 Defense
1 - 0% - 60%
2 - 0% - 40%
Last Minute Offensive - 0:00
Last Minute Defensive - 0:00
Total
Forward - 60:00
Defense - 60:00
|
% Time on Ice - Saguenéens
Lines # - Real PCT - Wanted PCT - Time Play
Normal Forward
1 - 32% - 40% - 14:36
2 - 33% - 30% - 14:41
3 - 27% - 20% - 12:17
4 - 8% - 10% - 3:30
Normal Defense
1 - 36% - 40% - 16:23
2 - 34% - 30% - 15:26
3 - 23% - 20% - 10:25
4 - 6% - 10% - 2:50
PP Forward
1 - 38% - 60% - 1:30
2 - 62% - 40% - 2:27
PP Defense
1 - 35% - 60% - 1:24
2 - 65% - 40% - 2:33
PK Forward
1 - 75% - 60% - 8:12
2 - 25% - 40% - 2:47
PK Defense
1 - 64% - 60% - 7:03
2 - 36% - 40% - 3:56
PK3 Forward
1 - 0% - 60%
2 - 0% - 40%
PK3 Defense
1 - 0% - 60%
2 - 0% - 40%
44 Forward
1 - 0% - 60%
2 - 0% - 40%
44 Defense
1 - 0% - 60%
2 - 0% - 40%
Last Minute Offensive - 0:00
Last Minute Defensive - 0:00
Total
Forward - 60:00
Defense - 60:00
|
Play by Play
1st period
0:01 of 1st period - Mason Raymond wins face-off versus Petri Kontiola in neutral zone.
0:12 of 1st period - Wrist shot by Mason Raymond.
0:12 of 1st period - Shot Blocked by Cam Fowler.
0:14 of 1st period - Backhand shot by Kevin Marshall.
0:14 of 1st period - Shot Blocked by Cam Fowler.
1:39 of 1st period - Wrist shot by Tim Kennedy.
1:39 of 1st period - Stopped by Jeremy Duchesne without a rebound.
1:40 of 1st period - Calle Jarnkrok wins face-off versus Rickard Rakell in Harfangs zone.
1:49 of 1st period - Slapshot by Jerry D'Amigo.
1:49 of 1st period - Stopped by Jeremy Duchesne without a rebound.
1:50 of 1st period - Brian Sutherby wins face-off versus Calle Jarnkrok in Harfangs zone.
2:12 of 1st period - Icing by Roman Josi.
2:13 of 1st period - Roman Cervenka wins face-off versus Brian Sutherby in Saguenéens zone.
2:24 of 1st period - Nathan Beaulieu is hit by Spencer Machacek and loses puck.
2:45 of 1st period - Petri Kontiola is hit by Dalton Prout.
2:48 of 1st period - Off-side.
2:49 of 1st period - Petri Kontiola wins face-off versus Juraj Mikus in neutral zone.
2:54 of 1st period - Slapshot by Alex Killorn.
2:54 of 1st period - Shot Blocked by Kevin Marshall.
2:56 of 1st period - Slapshot by Brian Lashoff.
2:56 of 1st period - Shot Blocked by Dalton Prout.
3:24 of 1st period - Slapshot by Petri Kontiola.
3:24 of 1st period - Shot Blocked by Kevin Marshall.
3:26 of 1st period - Snap shot by Petri Kontiola.
3:26 of 1st period - Stopped by Mike Smith without a rebound.
3:27 of 1st period - Roman Cervenka wins face-off versus Brian Sutherby in Saguenéens zone.
3:40 of 1st period - Nathan Beaulieu is hit by Spencer Machacek and loses puck.
5:04 of 1st period - Wrist shot by Tomas Tatar.
5:04 of 1st period - Shot Misses the Net.
5:14 of 1st period - Victor Bartley is hit by Kevin Marshall and loses puck.
6:07 of 1st period - Roman Josi is hit by Angelo Esposito and loses puck.
6:20 of 1st period - Slapshot by Brett Lebda.
6:20 of 1st period - Shot Blocked by Cam Fowler.
6:48 of 1st period - Wrist shot by Tim Kennedy.
6:48 of 1st period - Shot Misses the Net.
6:50 of 1st period - Slapshot by Roman Josi.
6:50 of 1st period - Stopped by Jeremy Duchesne with a rebound.
6:52 of 1st period - Wrist shot by Rickard Rakell.
6:52 of 1st period - Shot Misses the Net.
6:54 of 1st period - Wrist shot by Jerry D'Amigo.
6:54 of 1st period - Goal by Jerry D'Amigo - Harfangs : 0 - Saguenéens : 1.
6:55 of 1st period - Petri Kontiola wins face-off versus Brian Sutherby in neutral zone.
7:00 of 1st period - Petri Kontiola is hit by Mason Raymond and loses puck.
7:11 of 1st period - Snap shot by Brandon Pirri.
7:11 of 1st period - Shot Misses the Net.
8:35 of 1st period - Rhett Rakhshani is hit by Calle Jarnkrok and loses puck.
8:49 of 1st period - Off-side.
8:50 of 1st period - Roman Cervenka wins face-off versus Craig Cunningham in neutral zone.
9:40 of 1st period - Wrist shot by Tomas Tatar.
9:40 of 1st period - Shot Misses the Net.
9:52 of 1st period - Luke Witkowski is hit by Mike Hoffman.
9:56 of 1st period - Slapshot by Mike Hoffman.
9:56 of 1st period - Shot Misses the Net.
10:10 of 1st period - Petri Kontiola is hit by Dalton Prout and loses puck.
10:35 of 1st period - Wrist shot by Cam Atkinson.
10:35 of 1st period - Deflect By Tomas Tatar.
10:35 of 1st period - Shot Blocked by Spencer Machacek.
10:35 of 1st period - Puck is out of play.
10:36 of 1st period - Brian Sutherby wins face-off versus Calle Jarnkrok in Saguenéens zone.
11:20 of 1st period - Slapshot by Alex Killorn.
11:20 of 1st period - Goal by Alex Killorn - Harfangs : 1 - Saguenéens : 1.
11:21 of 1st period - Brian Sutherby wins face-off versus Petri Kontiola in neutral zone.
11:36 of 1st period - Snap shot by Alex Killorn.
11:36 of 1st period - Stopped by Mike Smith with a rebound.
11:54 of 1st period - Slapshot by Rickard Rakell.
11:54 of 1st period - Stopped by Jeremy Duchesne with a rebound.
11:56 of 1st period - Snap shot by Jerry D'Amigo.
11:56 of 1st period - Deflect By Nathan Beaulieu.
11:56 of 1st period - Stopped by Jeremy Duchesne without a rebound.
11:57 of 1st period - Roman Cervenka wins face-off versus Jerry D'Amigo in Harfangs zone.
11:57 of 1st period - Roman Cervenka is hit by Dalton Prout.
12:10 of 1st period - Luke Witkowski is hit by Dustin Jeffrey and loses puck.
12:28 of 1st period - Minor Penalty to Mason Raymond for Cross-checking.
12:29 of 1st period - Brian Sutherby wins face-off versus Petri Kontiola in Saguenéens zone.
12:38 of 1st period - Snap shot by Brandon Pirri.
12:38 of 1st period - Shot Misses the Net.
12:40 of 1st period - Wrist shot by Cam Fowler.
12:40 of 1st period - Deflect By Brett Lebda.
12:40 of 1st period - Stopped by Mike Smith without a rebound.
12:41 of 1st period - Petri Kontiola wins face-off versus Brian Sutherby in Saguenéens zone.
12:54 of 1st period - Wrist shot by Brian Sutherby.
12:54 of 1st period - Shot Misses the Net.
13:06 of 1st period - Snap shot by Cam Atkinson.
13:06 of 1st period - Shot Misses the Net.
13:08 of 1st period - Snap shot by Cam Atkinson.
13:08 of 1st period - Shot Misses the Net.
13:28 of 1st period - Petri Kontiola is hit by Kevin Marshall and loses puck.
14:28 of 1st period - Penalty to Mason Raymond is over, Mason Raymond is back on ice.
14:42 of 1st period - Mason Raymond is hit by Mike Hoffman and loses puck.
15:23 of 1st period - Artemi Panarin is hit by Cam Atkinson and loses puck.
15:56 of 1st period - Dennis Everberg is hit by Brian Sutherby and loses puck.
16:10 of 1st period - Minor Penalty to Mason Raymond for Holding.
16:11 of 1st period - Brian Sutherby wins face-off versus Petri Kontiola in Saguenéens zone.
18:10 of 1st period - Penalty to Mason Raymond is over, Mason Raymond is back on ice.
18:34 of 1st period - Roman Josi is hit by Dennis Everberg and loses puck.
19:01 of 1st period - Dustin Jeffrey is hit by Spencer Machacek and loses puck.
19:10 of 1st period - Brett Lebda is hit by Dennis Everberg and loses puck.
19:23 of 1st period - Juraj Mikus is hit by Nathan Beaulieu and loses puck.
19:44 of 1st period - Luke Witkowski is hit by Mike Hoffman and loses puck.
Goals for this period are 1 for Harfangs vs 1 for Saguenéens.
Shots for this period are 4 for Harfangs vs 6 for Saguenéens.
2nd period
0:01 of 2nd period - Mason Raymond wins face-off versus Petri Kontiola in neutral zone.
0:10 of 2nd period - Snap shot by Spencer Machacek.
0:10 of 2nd period - Shot Misses the Net.
0:36 of 2nd period - Wrist shot by Juraj Mikus.
0:36 of 2nd period - Shot Blocked by Calle Jarnkrok.
1:36 of 2nd period - Slapshot by Artemi Panarin.
1:36 of 2nd period - Stopped by Jeremy Duchesne with a rebound.
1:40 of 2nd period - Wrist shot by Artemi Panarin.
1:40 of 2nd period - Stopped by Jeremy Duchesne with a rebound.
1:42 of 2nd period - Slapshot by Luke Witkowski.
1:42 of 2nd period - Stopped by Jeremy Duchesne with a rebound.
1:44 of 2nd period - Slapshot by Luke Witkowski.
1:44 of 2nd period - Shot Blocked by Mike Hoffman.
1:51 of 2nd period - Icing by Brian Lashoff.
1:52 of 2nd period - Angelo Esposito wins face-off versus Rickard Rakell in Harfangs zone.
2:21 of 2nd period - Snap shot by Juraj Mikus.
2:21 of 2nd period - Deflect By Artemi Panarin.
2:21 of 2nd period - Stopped by Jeremy Duchesne with a rebound.
2:23 of 2nd period - Snap shot by Rhett Rakhshani.
2:23 of 2nd period - Shot Misses the Net.
2:25 of 2nd period - Snap shot by Rhett Rakhshani.
2:25 of 2nd period - Shot Misses the Net.
2:27 of 2nd period - Slapshot by Brett Lebda.
2:27 of 2nd period - Deflect By Artemi Panarin.
2:27 of 2nd period - Stopped by Jeremy Duchesne with a rebound.
2:29 of 2nd period - Snap shot by Rhett Rakhshani.
2:29 of 2nd period - Stopped by Jeremy Duchesne with a rebound.
2:41 of 2nd period - Snap shot by Cam Atkinson.
2:41 of 2nd period - Stopped by Mike Smith with a rebound.
3:31 of 2nd period - Snap shot by Mike Hoffman.
3:31 of 2nd period - Stopped by Mike Smith without a rebound.
3:32 of 2nd period - Calle Jarnkrok wins face-off versus Brian Sutherby in Saguenéens zone.
3:57 of 2nd period - Artemi Panarin is hit by Dustin Jeffrey and loses puck.
5:15 of 2nd period - Cam Fowler is hit by Dalton Prout and loses puck.
6:06 of 2nd period - Cam Atkinson is hit by Rhett Rakhshani and loses puck.
6:13 of 2nd period - Snap shot by Tomas Tatar.
6:13 of 2nd period - Shot Misses the Net.
6:43 of 2nd period - Brian Sutherby is hit by Dennis Everberg and loses puck.
6:56 of 2nd period - Angelo Esposito is hit by Rickard Rakell.
8:03 of 2nd period - Roman Josi is hit by Dustin Jeffrey and loses puck.
8:14 of 2nd period - Mason Raymond is hit by Dylan Olsen and loses puck.
8:25 of 2nd period - Minor Penalty to Alex Killorn for Slashing.
8:26 of 2nd period - Juraj Mikus wins face-off versus Petri Kontiola in Harfangs zone.
8:33 of 2nd period - Snap shot by Artemi Panarin.
8:33 of 2nd period - Stopped by Jeremy Duchesne with a rebound.
8:35 of 2nd period - Backhand shot by Juraj Mikus.
8:35 of 2nd period - Shot Misses the Net.
9:30 of 2nd period - Tomas Tatar is hit by Dalton Prout and loses puck.
10:23 of 2nd period - Wrist shot by Juraj Mikus.
10:23 of 2nd period - Goal by Juraj Mikus - Harfangs : 1 - Saguenéens : 2.
10:24 of 2nd period - Petri Kontiola wins face-off versus Brian Sutherby in neutral zone.
10:29 of 2nd period - Wrist shot by Alex Killorn.
10:29 of 2nd period - Shot Misses the Net.
10:47 of 2nd period - Nathan Beaulieu is hit by Mason Raymond and loses puck.
10:56 of 2nd period - Snap shot by Spencer Machacek.
10:56 of 2nd period - Stopped by Jeremy Duchesne with a rebound.
11:08 of 2nd period - Slapshot by Spencer Machacek.
11:08 of 2nd period - Shot Misses the Net.
11:14 of 2nd period - Slapshot by Spencer Machacek.
11:14 of 2nd period - Shot Misses the Net.
11:16 of 2nd period - Slapshot by Brett Lebda.
11:16 of 2nd period - Stopped by Jeremy Duchesne without a rebound.
11:17 of 2nd period - Calle Jarnkrok wins face-off versus Rickard Rakell in Harfangs zone.
12:08 of 2nd period - Rhett Rakhshani is hit by Dustin Jeffrey and loses puck.
12:53 of 2nd period - Snap shot by Mike Hoffman.
12:53 of 2nd period - Shot Misses the Net.
13:27 of 2nd period - Slapshot by Dylan Olsen.
13:27 of 2nd period - Deflect By Roman Cervenka.
13:27 of 2nd period - Goal by Roman Cervenka - Harfangs : 2 - Saguenéens : 2.
13:28 of 2nd period - Petri Kontiola wins face-off versus Brian Sutherby in neutral zone.
13:30 of 2nd period - Cam Fowler is hit by Brian Sutherby and loses puck.
14:19 of 2nd period - Tim Kennedy is hit by Brian Lashoff and loses puck.
14:24 of 2nd period - Snap shot by Dustin Jeffrey.
14:24 of 2nd period - Shot Misses the Net.
14:26 of 2nd period - Slapshot by Dennis Everberg.
14:26 of 2nd period - Stopped by Mike Smith with a rebound.
14:28 of 2nd period - Wrist shot by Dennis Everberg.
14:28 of 2nd period - Stopped by Mike Smith with a rebound.
14:44 of 2nd period - Snap shot by Mike Hoffman.
14:44 of 2nd period - Deflect By Joel Armia.
14:44 of 2nd period - Shot Misses the Net.
14:44 of 2nd period - Puck is out of play.
14:45 of 2nd period - Brian Sutherby wins face-off versus Petri Kontiola in Saguenéens zone.
14:47 of 2nd period - Minor Penalty to Brett Lebda for Holding.
14:48 of 2nd period - Brian Sutherby wins face-off versus Petri Kontiola in Saguenéens zone.
14:48 of 2nd period - Brian Sutherby is hit by Brandon Pirri.
15:02 of 2nd period - Icing by Brandon Pirri.
15:03 of 2nd period - Brian Sutherby wins face-off versus Brandon Pirri in Harfangs zone.
15:20 of 2nd period - Wrist shot by Alex Killorn.
15:20 of 2nd period - Stopped by Mike Smith without a rebound.
15:21 of 2nd period - Calle Jarnkrok wins face-off versus Brian Sutherby in Saguenéens zone.
15:22 of 2nd period - Wrist shot by Tomas Tatar.
15:22 of 2nd period - Shot Misses the Net.
15:24 of 2nd period - Slapshot by Nathan Beaulieu.
15:24 of 2nd period - Stopped by Mike Smith with a rebound.
15:26 of 2nd period - Snap shot by Tomas Tatar.
15:26 of 2nd period - Shot Blocked by Kevin Marshall.
15:28 of 2nd period - Snap shot by Calle Jarnkrok.
15:28 of 2nd period - Deflect By Kevin Marshall.
15:28 of 2nd period - Shot Misses the Net.
15:28 of 2nd period - Puck is out of play.
15:29 of 2nd period - Calle Jarnkrok wins face-off versus Brian Sutherby in Saguenéens zone.
15:32 of 2nd period - Slapshot by Tomas Tatar.
15:32 of 2nd period - Shot Blocked by Mason Raymond.
15:34 of 2nd period - Slapshot by Cam Fowler.
15:34 of 2nd period - Shot Blocked by Brian Sutherby.
16:04 of 2nd period - Snap shot by Spencer Machacek.
16:04 of 2nd period - Stopped by Jeremy Duchesne with a rebound.
16:06 of 2nd period - Slapshot by Kevin Marshall.
16:06 of 2nd period - Shot Blocked by Cam Fowler.
16:16 of 2nd period - Wrist shot by Nathan Beaulieu.
16:16 of 2nd period - Shot Blocked by Kevin Marshall.
16:26 of 2nd period - Mason Raymond is hit by Calle Jarnkrok and loses puck.
16:47 of 2nd period - Penalty to Brett Lebda is over, Brett Lebda is back on ice.
17:03 of 2nd period - Snap shot by Rickard Rakell.
17:03 of 2nd period - Stopped by Jeremy Duchesne without a rebound.
17:04 of 2nd period - Angelo Esposito wins face-off versus Juraj Mikus in Harfangs zone.
17:36 of 2nd period - Slapshot by Tim Kennedy.
17:36 of 2nd period - Shot Misses the Net.
17:38 of 2nd period - Snap shot by Roman Josi.
17:38 of 2nd period - Goal by Roman Josi - Harfangs : 2 - Saguenéens : 3.
17:39 of 2nd period - Petri Kontiola wins face-off versus Mason Raymond in neutral zone.
17:42 of 2nd period - Slapshot by Nathan Beaulieu.
17:42 of 2nd period - Stopped by Mike Smith with a rebound.
18:59 of 2nd period - Snap shot by Petri Kontiola.
18:59 of 2nd period - Stopped by Mike Smith without a rebound.
19:00 of 2nd period - Rhett Rakhshani wins face-off versus Petri Kontiola in Saguenéens zone.
19:06 of 2nd period - Brett Lebda is hit by Cam Fowler.
19:34 of 2nd period - Wrist shot by Rhett Rakhshani.
19:34 of 2nd period - Shot Blocked by Nathan Beaulieu.
19:36 of 2nd period - Minor Penalty to Brandon Pirri for Hooking.
19:37 of 2nd period - Petri Kontiola wins face-off versus Brian Sutherby in Harfangs zone.
19:48 of 2nd period - Snap shot by Mason Raymond.
19:48 of 2nd period - Deflect By Brian Sutherby.
19:48 of 2nd period - Shot Misses the Net.
19:48 of 2nd period - Puck is out of play.
19:49 of 2nd period - Brian Sutherby wins face-off versus Petri Kontiola in Harfangs zone.
19:58 of 2nd period - Wrist shot by Spencer Machacek.
19:58 of 2nd period - Stopped by Jeremy Duchesne with a rebound.
Goals for this period are 1 for Harfangs vs 2 for Saguenéens.
Shots for this period are 9 for Harfangs vs 14 for Saguenéens.
3rd period
0:01 of 3rd period - Brian Sutherby wins face-off versus Petri Kontiola in neutral zone.
0:16 of 3rd period - Dustin Jeffrey is hit by Brian Sutherby and loses puck.
1:36 of 3rd period - Penalty to Brandon Pirri is over, Brandon Pirri is back on ice.
1:50 of 3rd period - Snap shot by Tomas Tatar.
1:50 of 3rd period - Shot Misses the Net.
3:53 of 3rd period - Snap shot by Cam Atkinson.
3:53 of 3rd period - Stopped by Mike Smith with a rebound.
3:55 of 3rd period - Snap shot by Tomas Tatar.
3:55 of 3rd period - Stopped by Mike Smith with a rebound.
3:57 of 3rd period - Slapshot by Cam Atkinson.
3:57 of 3rd period - Shot Misses the Net.
3:59 of 3rd period - Wrist shot by Calle Jarnkrok.
3:59 of 3rd period - Stopped by Mike Smith with a rebound.
4:01 of 3rd period - Wrist shot by Calle Jarnkrok.
4:01 of 3rd period - Shot Blocked by Brian Sutherby.
4:07 of 3rd period - Minor Penalty to Spencer Machacek for Holding.
4:08 of 3rd period - Brian Sutherby wins face-off versus Petri Kontiola in Saguenéens zone.
4:21 of 3rd period - Calle Jarnkrok is hit by Artemi Panarin and loses puck.
4:38 of 3rd period - Slapshot by Cam Fowler.
4:38 of 3rd period - Stopped by Mike Smith without a rebound.
4:39 of 3rd period - Petri Kontiola wins face-off versus Mason Raymond in Saguenéens zone.
4:40 of 3rd period - Snap shot by Alex Killorn.
4:40 of 3rd period - Deflect By Petri Kontiola.
4:40 of 3rd period - Stopped by Mike Smith without a rebound.
4:41 of 3rd period - Petri Kontiola wins face-off versus Brian Sutherby in Saguenéens zone.
4:44 of 3rd period - Snap shot by Alex Killorn.
4:44 of 3rd period - Shot Blocked by Kevin Marshall.
4:46 of 3rd period - Snap shot by Brian Lashoff.
4:46 of 3rd period - Goal by Brian Lashoff - Harfangs : 3 - Saguenéens : 3.
4:47 of 3rd period - Brandon Pirri wins face-off versus Brian Sutherby in neutral zone.
5:21 of 3rd period - Snap shot by Artemi Panarin.
5:21 of 3rd period - Stopped by Jeremy Duchesne without a rebound.
5:22 of 3rd period - Juraj Mikus wins face-off versus Calle Jarnkrok in Harfangs zone.
5:35 of 3rd period - Cam Atkinson is hit by Rhett Rakhshani and loses puck.
5:53 of 3rd period - Minor Penalty to Mason Raymond for Tripping.
5:54 of 3rd period - Brian Sutherby wins face-off versus Petri Kontiola in Saguenéens zone.
6:04 of 3rd period - Slapshot by Cam Fowler.
6:04 of 3rd period - Deflect By Brian Sutherby.
6:04 of 3rd period - Stopped by Mike Smith with a rebound.
6:06 of 3rd period - Backhand shot by Cam Fowler.
6:06 of 3rd period - Shot Misses the Net.
6:08 of 3rd period - Slapshot by Cam Fowler.
6:08 of 3rd period - Stopped by Mike Smith without a rebound.
6:09 of 3rd period - Petri Kontiola wins face-off versus Brian Sutherby in Saguenéens zone.
6:14 of 3rd period - Snap shot by Alex Killorn.
6:14 of 3rd period - Shot Misses the Net.
6:16 of 3rd period - Snap shot by Petri Kontiola.
6:16 of 3rd period - Shot Blocked by Kevin Marshall.
6:18 of 3rd period - Snap shot by Alex Killorn.
6:18 of 3rd period - Goal by Alex Killorn - Harfangs : 4 - Saguenéens : 3.
6:19 of 3rd period - Brian Sutherby wins face-off versus Petri Kontiola in neutral zone.
6:24 of 3rd period - Snap shot by Brian Sutherby.
6:24 of 3rd period - Stopped by Jeremy Duchesne with a rebound.
6:26 of 3rd period - Slapshot by Brett Lebda.
6:26 of 3rd period - Shot Blocked by Cam Fowler.
6:51 of 3rd period - Tim Kennedy is hit by Alex Killorn and loses puck.
7:24 of 3rd period - Wrist shot by Petri Kontiola.
7:24 of 3rd period - Goal by Petri Kontiola - Harfangs : 5 - Saguenéens : 3.
7:24 of 3rd period - Martin Jones enters game.
7:25 of 3rd period - Calle Jarnkrok wins face-off versus Brian Sutherby in neutral zone.
7:29 of 3rd period - Off-side.
7:30 of 3rd period - Calle Jarnkrok wins face-off versus Brian Sutherby in neutral zone.
7:43 of 3rd period - Wrist shot by Tomas Tatar.
7:43 of 3rd period - Stopped by Martin Jones without a rebound.
7:44 of 3rd period - Brian Sutherby wins face-off versus Dennis Everberg in Saguenéens zone.
7:48 of 3rd period - Minor Penalty to Spencer Machacek for Tripping.
7:49 of 3rd period - Brian Sutherby wins face-off versus Petri Kontiola in Saguenéens zone.
7:57 of 3rd period - Snap shot by Petri Kontiola.
7:57 of 3rd period - Stopped by Martin Jones with a rebound.
7:59 of 3rd period - Wrist shot by Alex Killorn.
7:59 of 3rd period - Shot Blocked by Mason Raymond.
8:15 of 3rd period - Cam Atkinson is hit by Artemi Panarin and loses puck.
8:24 of 3rd period - Kevin Marshall is hit by Calle Jarnkrok and loses puck.
9:14 of 3rd period - Icing by Cam Fowler.
9:15 of 3rd period - Artemi Panarin wins face-off versus Petri Kontiola in Harfangs zone.
9:18 of 3rd period - Snap shot by Teemu Pulkkinen.
9:18 of 3rd period - Shot Misses the Net.
9:48 of 3rd period - Penalty to Spencer Machacek is over, Spencer Machacek is back on ice.
10:00 of 3rd period - Snap shot by Angelo Esposito.
10:00 of 3rd period - Deflect By Artemi Panarin.
10:00 of 3rd period - Shot Hit the Post.
10:00 of 3rd period - Puck is out of play.
10:01 of 3rd period - Rickard Rakell wins face-off versus Joel Armia in Saguenéens zone.
10:01 of 3rd period - Rickard Rakell is hit by Mike Hoffman.
10:15 of 3rd period - Slapshot by Dylan Olsen.
10:15 of 3rd period - Shot Blocked by Tim Kennedy.
10:17 of 3rd period - Slapshot by Reid McNeill.
10:17 of 3rd period - Deflect By Mike Hoffman.
10:17 of 3rd period - Shot Misses the Net.
10:17 of 3rd period - Puck is out of play.
10:18 of 3rd period - Spencer Machacek wins face-off versus Petri Kontiola in Saguenéens zone.
10:18 of 3rd period - Spencer Machacek is hit by Alex Killorn.
10:24 of 3rd period - Slapshot by Mason Raymond.
10:24 of 3rd period - Stopped by Jeremy Duchesne without a rebound.
10:25 of 3rd period - Brian Sutherby wins face-off versus Petri Kontiola in Harfangs zone.
10:32 of 3rd period - Backhand shot by Nathan Beaulieu.
10:32 of 3rd period - Stopped by Martin Jones without a rebound.
10:33 of 3rd period - Petri Kontiola wins face-off versus Brian Sutherby in Saguenéens zone.
10:38 of 3rd period - Backhand shot by Petri Kontiola.
10:38 of 3rd period - Stopped by Martin Jones without a rebound.
10:39 of 3rd period - Petri Kontiola wins face-off versus Brian Sutherby in Saguenéens zone.
10:54 of 3rd period - Slapshot by Alex Killorn.
10:54 of 3rd period - Stopped by Martin Jones without a rebound.
10:55 of 3rd period - Juraj Mikus wins face-off versus Calle Jarnkrok in Saguenéens zone.
11:27 of 3rd period - Wrist shot by Alex Killorn.
11:27 of 3rd period - Stopped by Martin Jones without a rebound.
11:28 of 3rd period - Calle Jarnkrok wins face-off versus Brian Sutherby in Saguenéens zone.
11:37 of 3rd period - Slapshot by Spencer Machacek.
11:37 of 3rd period - Stopped by Jeremy Duchesne without a rebound.
11:38 of 3rd period - Calle Jarnkrok wins face-off versus Brian Sutherby in Harfangs zone.
11:38 of 3rd period - Calle Jarnkrok is hit by Spencer Machacek.
11:53 of 3rd period - Wrist shot by Tomas Tatar.
11:53 of 3rd period - Stopped by Martin Jones without a rebound.
11:54 of 3rd period - Petri Kontiola wins face-off versus Juraj Mikus in Saguenéens zone.
12:19 of 3rd period - Tomas Tatar is hit by Spencer Machacek and loses puck.
12:30 of 3rd period - Snap shot by Spencer Machacek.
12:30 of 3rd period - Stopped by Jeremy Duchesne with a rebound.
12:56 of 3rd period - Minor Penalty to Dalton Prout for Hooking.
12:57 of 3rd period - Petri Kontiola wins face-off versus Brian Sutherby in Saguenéens zone.
13:49 of 3rd period - Slapshot by Cam Atkinson.
13:49 of 3rd period - Stopped by Martin Jones with a rebound.
13:51 of 3rd period - Snap shot by Nathan Beaulieu.
13:51 of 3rd period - Deflect By Artemi Panarin.
13:51 of 3rd period - Stopped by Martin Jones with a rebound.
14:21 of 3rd period - Teemu Pulkkinen is hit by Cam Atkinson and loses puck.
14:54 of 3rd period - Brett Lebda is hit by Roman Cervenka and loses puck.
14:56 of 3rd period - Penalty to Dalton Prout is over, Dalton Prout is back on ice.
15:43 of 3rd period - Calle Jarnkrok is hit by Dalton Prout and loses puck.
15:54 of 3rd period - Snap shot by Tim Kennedy.
15:54 of 3rd period - Shot Misses the Net.
17:06 of 3rd period - Cam Atkinson is hit by Kevin Marshall and loses puck.
17:11 of 3rd period - Wrist shot by Jerry D'Amigo.
17:11 of 3rd period - Stopped by Jeremy Duchesne with a rebound.
17:13 of 3rd period - Slapshot by Roman Josi.
17:13 of 3rd period - Shot Blocked by Dylan Olsen.
17:15 of 3rd period - Wrist shot by Jerry D'Amigo.
17:15 of 3rd period - Stopped by Jeremy Duchesne with a rebound.
17:25 of 3rd period - Tomas Tatar is hit by Artemi Panarin and loses puck.
17:56 of 3rd period - Craig Cunningham is hit by Joel Armia and loses puck.
18:41 of 3rd period - Snap shot by Dennis Everberg.
18:41 of 3rd period - Stopped by Martin Jones with a rebound.
18:43 of 3rd period - Wrist shot by Cam Fowler.
18:43 of 3rd period - Deflect By Artemi Panarin.
18:43 of 3rd period - Stopped by Martin Jones with a rebound.
18:47 of 3rd period - Wrist shot by Angelo Esposito.
18:47 of 3rd period - Deflect By Dennis Everberg.
18:47 of 3rd period - Stopped by Martin Jones with a rebound.
19:30 of 3rd period - Icing by Mike Hoffman.
19:31 of 3rd period - Roman Cervenka wins face-off versus Teemu Pulkkinen in Harfangs zone.
19:52 of 3rd period - Brandon Pirri is hit by Kevin Marshall and loses puck.
Goals for this period are 3 for Harfangs vs 0 for Saguenéens.
Shots for this period are 22 for Harfangs vs 7 for Saguenéens.
Back to the Top